 Dungeon Sprint DCSS version 0.29-a0-723-gce39da1c22 (webtiles) character file.

Game seed: 16445559549473611680

10 Hipnos the Chiller (level 2, -1/22 HPs)
             Began as a Deep Elf Ice Elementalist on June 28, 2022.
             Slain by a water moccasin (3 damage)
             ... in the Dungeon (Sprint II: "The Violet Keep of Menkaure").
             The game lasted 00:02:08 (92 turns).

Hipnos the Chiller (Deep Elf Ice Elementalist)        Turns: 92, Time: 00:02:08

Health: -1/22      AC:  2    Str:  5    XL:     2   Next: 10%
Magic:  3/8        EV: 12    Int: 19    God:
Gold:   243        SH:  0    Dex: 15    Spells: 7/8 levels left

rFire   . . .      SeeInvis .   (no weapon)
rCold   . . .      Faith    .   (no shield)
rNeg    . . .      Spirit   .   a - +0 robe
rPois   .          Reflect  .   (no helmet)
rElec   .          Harm     .   (no cloak)
rCorr   .          Rampage  .   (no gloves)
Will    .....      NoTele   +   (no boots)
Stlth   ..........              (no amulet)
HPRegen 0.07/turn               (no ring)
MPRegen 0.11/turn               (no ring)

@: berserking, lethally poisoned (-1 -> -18), very quick
A: no striking features
a: no special abilities


You were in the Dungeon.
You visited 1 branch You collected 243 gold pieces.

Inventory:

Armour
 a - a +0 robe (worn)
Scrolls
 g - a scroll of blinking
Potions
 b - 2 potions of magic
 e - a potion of haste


   Skills:
 + Level 2.6 Dodging
 + Level 2.5 Stealth
 + Level 3.5 Spellcasting
 * Level 6.1 Ice Magic


You had 7 spell levels left.
You knew the following spells:

 Your Spells              Type           Power      Damage    Failure   Level
a - Freeze                Ice            100%       1d11      1%          1

Your spell library contained the following spells:

 Spells                   Type           Power      Damage    Failure   Level
 Frozen Ramparts          Ice            52%        1d7       3%          3
 Ozocubu's Armour         Ice            26%        N/A       3%          3
 Hailstorm                Conj/Ice       15%        3d5       38%         4


Dungeon Overview and Level Annotations

Branches:
Dungeon (1/1)

Altars:


Message History

Aiming: Freeze (safe; 1% risk of failure)
Press: ? - help, Shift-Dir - straight line, f/p - worm
Aim: a worm (severely wounded)
You freeze the worm.
The worm is severely wounded.
The worm barely misses you.
Casting: Freeze (safe; 1% risk of failure)
Confirm with . or Enter, or press ? or * to list all spells.
Aiming: Freeze (safe; 1% risk of failure)
Press: ? - help, Shift-Dir - straight line, f/p - worm
Aim: a worm (severely wounded)
You freeze the worm!
You kill the worm!
The flying skull gives a hideous shriek!
Your Ice Magic skill increases to level 6!
You have reached level 2!
Okay, then.
You start resting.
A water moccasin comes into view.
The water moccasin bites you.
You are lethally poisoned!
The water moccasin poisons you!
You see here a worm corpse.
The water moccasin attacks as you move away!
The water moccasin barely misses you.
You feel extremely sick. The water moccasin barely misses you.
The water moccasin bites you.
You are more poisoned.
The water moccasin poisons you!
There is an open door here.
A red film seems to cover your vision as you go berserk!
You feel yourself moving faster!
You feel mighty!
* * * LOW HITPOINT WARNING * * *
You feel very sick. The water moccasin barely misses you.
You hit the water moccasin.
The water moccasin is heavily wounded.
* * * LOW HITPOINT WARNING * * *
You feel sick. The water moccasin bites you.
You die...

##. #+# .#
#.B.##.##l# .+
#+.<.+#
.#≈#$B.##.##l#
. ##≈##. #'##
.# ..
≈≈#####..##
#≈≈.
≈≈≈#.##..#
≈≈≈§
#≈##.#.##≈≈≈≈§
#≈≈##@##≈≈≈≈≈≈
#≈≈S≈≈≈≈§≈§§≈
#+++#+++#≈≈≈§


§zzzz § §§≈zzz≈.≈ §§§z§≈§§...+ #≈≈≈≈≈.§≈≈## ##≈≈≈≈.≈≈## ####+#### You could see
a water moccasin and 7 flying skulls.

Vanquished Creatures
  3 worms (D)
3 creatures vanquished.

Notes
Turn   | Place    | Note
-------+----------+-------------------------------------------
     0 | D        | Hipnos the Deep Elf Ice Elementalist began the quest for
                  | the Orb.
     0 | D        | Reached XP level 1. HP: 10/10 MP: 6/6
    14 | D        | Reached skill level 5 in Ice Magic
    47 | D        | Noticed a flying skull
    61 | D        | Noticed a wyvern
    61 | D        | Noticed a wyvern
    65 | D        | Noticed a merfolk siren
    68 | D        | Noticed a boulder beetle
    68 | D        | Noticed a boulder beetle
    76 | D        | Noticed a flying skull
    76 | D        | Noticed a flying skull
    77 | D        | Noticed a flying skull
    77 | D        | Noticed a flying skull
    77 | D        | Noticed a flying skull
    78 | D        | Noticed a flying skull
    78 | D        | Noticed a flying skull
    78 | D        | Noticed a flying skull
    78 | D        | Noticed a flying skull
    78 | D        | Noticed a flying skull
    78 | D        | Noticed a flying skull
    85 | D        | Reached skill level 6 in Ice Magic
    85 | D        | Reached XP level 2. HP: 15/15 MP: 2/8
    87 | D        | Noticed a water moccasin
    92 | D        | Slain by a water moccasin

Illustrated notes

Levels and vault maps discovered:
D:        the_violet_keep_of_menkaure [sprint2_stairs_cluster_1,
          sprint2_shoproom, sprint2_temple, sprint2_basic_supplies,
          sprint2_obstacle_1, sprint2_obstacle_7, sprint2_obstacle_2,
          sprint2_obstacle_6, sprint2_obstacle_5, sprint2_timed_cluster_1,
          sprint2_smallroom_cluster_1, sprint2_smallroom_final_cluster_1,
          sprint2_transparent_cluster_1, sprint2_second_timed_cluster_1,
          sprint2_sniper_area_1, sprint2_heavy_combat_area_1,
          sprint2_mutation_trap_area_1, sprint2_forest_area_1,
          sprint2_light_combat_area_1, sprint2_behind_water_1,
          sprint2_near_end_vault_1]

Skill      XL: |  1 |
---------------+----+-----
Ice Magic      | 6 |  6.1
Dodging        | |  2.6
Stealth        | |  2.5
Spellcasting   | |  3.5

Action                   || total
-------------------------++-------
Melee: Unarmed           ||     1
 Cast: Freeze            ||    13
  Use: Potion            ||     4
Dodge: Dodged            ||     6

Table legend: (Time is in decaauts)
 A = Elapsed time spent in this place.
 B = Non-inter-level travel time spent in this place.
 C = Inter-level travel time spent in this place.
 D = Time resting spent in this place.
 E = Time spent auto-exploring this place.
 F = Levels seen in this place.
 G = Mean time per level.
                   A        B        C        D        E       F      G
               +--------+--------+--------+--------+--------+-----+--------+
         Total |     96 |     96 |      0 |     21 |      0 |   1 |   96.0 |
       Dungeon |     96 |     96 |      0 |     21 |      0 |   1 |   96.0 |
               +--------+--------+--------+--------+--------+-----+--------+

Top non-repeatable levels by time:
       D: 96 daAuts
